 Dungeon Crawl Stone Soup version 0.29-a0-270-g1586fc07ea (webtiles) character file.

Game seed: 7560829379408186723

8192 Ajdolov the Severer (level 11, -4/104 HPs)
             Began as a Hill Orc Fighter on Mar 7, 2022.
             Was a Priest of Makhleb.
             Slain by a sixfirhy (5 damage)
             ... in a Gauntlet.
             The game lasted 00:20:46 (11265 turns).

Ajdolov the Severer (Hill Orc Fighter)             Turns: 11265, Time: 00:20:47

Health: -4/104     AC: 13    Str: 21    XL:     11   Next: 27%
Magic:  0/27       EV:  9    Int:  8    God:    Makhleb [***...]
Gold:   435        SH:  4    Dex: 10    Spells: 10/10 levels left

rFire   + . .      SeeInvis .   a - +0 war axe
rCold   + . .      Faith    .   c - +0 buckler
rNeg    . . .      Spirit   +   K - +2 scale mail {Will+}
rPois   .          Reflect  .   (no helmet)
rElec   .          Harm     .   J - +0 cloak
rCorr   .          Rampage  .   y - +0 pair of gloves
Will    ++...      NoTele   +   G - +1 pair of boots
Stlth   ..........              n - amulet of guardian spirit
HPRegen 0.27/turn               t - ring of magical power
MPRegen 0.20/turn               E - ring "Qoc Rim" {rF+ rC+ Will+ Str-3}

@: mighty, hasted, very quick
A: no striking features
a: Renounce Religion, Minor Destruction, Lesser Servant of Makhleb


You were in a Gauntlet.
You worshipped Makhleb.
Makhleb was most pleased with you.
You visited 2 branches of the dungeon, and saw 12 of its levels.
You also visited: Sewer and Gauntlet.

You collected 435 gold pieces.

Inventory:

Hand Weapons
 a - a +0 war axe (weapon)
Armour
 c - a +0 buckler (worn)
 y - a +0 pair of gloves (worn)
 G - a +1 pair of boots (worn)
 J - a +0 cloak (worn)
 K - a +2 scale mail of willpower (worn)
Jewellery
 n - an amulet of guardian spirit (around neck)
 p - a ring of see invisible
 r - a ring of positive energy
 t - a ring of magical power (left hand)
 B - a +4 ring of evasion
 E - the ring "Qoc Rim" (right hand) {rF+ rC+ Will+ Str-3}
   (You found it on level 6 of the Dungeon)

   [ring of protection from fire]

   Str:       It affects your strength (-3).
   rF:        It protects you from fire.
   rC:        It protects you from cold.
   Will:      It increases your willpower.
Wands
 o - a wand of polymorph (9)
 D - a wand of paralysis (3)
 F - a wand of flame (14)
Scrolls
 b - 4 scrolls of vulnerability {unknown}
 g - 4 scrolls of fog
 j - 3 scrolls of noise {unknown}
 m - 5 scrolls of teleportation
 s - a scroll of enchant weapon {unknown}
 w - 2 scrolls of blinking {unknown}
 x - 2 scrolls of immolation
 z - a scroll of brand weapon {unknown}
 A - 4 scrolls of amnesia {unknown}
Potions
 d - 2 potions of might
 e - 2 potions of degeneration
 f - 5 potions of curing {unknown}
 i - 2 potions of brilliance {unknown}
 k - a potion of lignification {unknown}
 l - 2 potions of ambrosia {unknown}
 q - a potion of flight {unknown}
 u - 2 potions of magic {unknown}
 v - 3 potions of haste
 C - 2 potions of attraction
 H - a potion of resistance {unknown}
 I - a potion of cancellation {unknown}


   Skills:
 + Level 11.7 Fighting
 - Level 16.0 Axes
 - Level 3.2 Armour
 - Level 3.2 Shields
 + Level 9.6 Invocations


You had 10 spell levels left.
You didn't know any spells.
Your spell library contained the following spells:

 Spells                   Type           Power      Damage    Failure   Level
 Dazzling Flash           Conj/Hex       0%         N/A       99%         3
 Agony                    Necr           0%         N/A       100%        5
 Fireball                 Conj/Fire      0%         3d3       100%        5
 Silence                  Hex/Air        0%         N/A       100%        5
 Summon Forest            Summ/Tloc      0%         N/A       100%        5
 Summon Mana Viper        Hex/Summ       0%         N/A       100%        5
 Starburst                Conj/Fire      0%         6d3       100%        6
 Summon Cactus Giant      Summ           0%         N/A       100%        6
 Ignition                 Fire           0%         3d3       100%        8


Dungeon Overview and Level Annotations

Branches:
Dungeon (11/15)            Temple (1/1) D:6           Sewer (visited)
Gauntlet (1/1)
   Lair: D:8-11         Orc: D:9-12

Altars:
Cheibriados
Dithmenos
Elyvilon
Fedhas
Gozag
Hepliaklqana
Kikubaaqudgha
Makhleb
Nemelex Xobeh
Okawaru
Qazlal
Ru
Sif Muna
Trog
Wu Jian
Xom
Yredelemnul
Zin
The Shining One

Shops:
D:6 (

Annotations:
D:8 2 runed translucent doors Gauntlet 7 transporters, 2 runed translucent doors


Message History

Your orange demon dies!
Your orange demon disappears in a puff of smoke!
The sixfirhy hits your orange demon. The sixfirhy shocks your orange demon!
You slice the sixfirhy!!
You kill the sixfirhy!
Makhleb accepts your kill.
You feel better.
You hit the sixfirhy. The sixfirhy barely misses you.
The sixfirhy hits your orange demon but does no damage. x2
The sixfirhy hits you! The sixfirhy shocks you!
Your orange demon closely misses the sixfirhy.
Your orange demon barely misses the sixfirhy.
You miss the sixfirhy.
The sixfirhy is moderately wounded.
You slash the sixfirhy!
The sixfirhy hits you but does no damage.
The sixfirhy hits you! The sixfirhy shocks you!
* * * LOW HITPOINT WARNING * * *
The sixfirhy hits your orange demon.
Your orange demon dies!
Your orange demon disappears in a puff of smoke!
The sixfirhy hits you.
* * * LOW HITPOINT WARNING * * *
The sixfirhy shocks you!
* * * LOW HITPOINT WARNING * * *
You block the sixfirhy's attack.
You feel much better. You block the sixfirhy's attack.
The sixfirhy hits you but does no damage. x2
The sixfirhy hits you!
* * * LOW HITPOINT WARNING * * *
The sixfirhy shocks you!
* * * LOW HITPOINT WARNING * * *
The sixfirhy barely misses you. The sixfirhy attacks as you move away!
The sixfirhy barely misses you. The sixfirhy hits you.
* * * LOW HITPOINT WARNING * * *
The sixfirhy shocks you!
* * * LOW HITPOINT WARNING * * *
Unknown command.
The sixfirhy attacks as you move away! The sixfirhy hits you.
You die...

#...##..###..##.#.8.#...#..
#.8.#...##..##..#...#.###.#
#...#.∩.#.......#.8.#.+...#
#.©.#...#########...#######
....#.8.....#.....8.#......
#.©.#...#########...#######
#...#.∩.#3......#.8.#......
#.8.#...#3#.#.8.#...#.###'#
#...##..#3@.....#.8.#.#≈..#
#.8 ##.#©#.©.8.#©.©#©#≈©.#
#. ##≈.#=......#####.#≈..#
#≈≈.#}#.#.⌠.#...#.###+#
##≈.#.......#.8.#^.....
##.#########...#######
#≈....................
#≈≈≈#≈≈≈#≈≈≈#≈≈≈#≈≈≈#≈≈
##≈###≈###≈###≈###≈###≈


You could see 3 sixfirhies.

Vanquished Creatures
  A boulder beetle (D:9)
  A sixfirhy (Gauntlet)
  A cyclops (D:9)
  Maurice (D:8)
  An elephant (shapeshifter) (D:9)
  Maggie (D:9)
  A cane toad (shapeshifter) (D:9)
  An ice devil (Gauntlet)
  A troll (D:9)
  A hornet (D:9)
  A raiju (Gauntlet)
  A shadow (D:11)
  A wyvern (D:9)
  3 steam dragons
  6 yaks
  3 water moccasins
  Pargi (Sewer)
  An orc warrior (D:8)
  3 ice beasts
  A black bear (D:5)
  An ogre (D:6)
  2 centaurs
  2 phantoms
  4 kobold brigands
  A bullfrog (D:7)
  2 necrophages
  A scorpion (D:5)
  9 wights (D:8)
  A howler monkey (D:9)
  2 jellies
  5 orc priests
  A gnoll shaman (D:7)
  2 hounds
  Natasha (twice) (D:2)
  7 iguanas
  A scorpion zombie (D:3)
  9 orc wizards
  2 hound zombies (D:3)
  3 gnolls (D:7)
  16 adders
  4 white imps
  A worm (D:3)
  16 orcs
  13 ball pythons
  8 bats
  12 endoplasms
  3 giant cockroaches
  16 goblins
  7 hobgoblins
  8 jackals
  27 kobolds
  4 quokkas
  A ball python zombie (D:3)
  6 frilled lizards
  11 rats
241 creatures vanquished.

Vanquished Creatures (others)
  4 demonic plants (Gauntlet)
4 creatures vanquished.

Grand Total: 245 creatures vanquished

Notes
Turn   | Place    | Note
-------+----------+-------------------------------------------
     0 | D:1      | Ajdolov the Hill Orc Fighter began the quest for the Orb.
     0 | D:1      | Reached XP level 1. HP: 19/19 MP: 1/1
    95 | D:1      | Reached skill level 3 in Axes
   192 | D:1      | Reached XP level 2. HP: 24/27 MP: 2/2
   606 | D:1      | Reached skill level 4 in Axes
   608 | D:1      | Reached XP level 3. HP: 33/33 MP: 3/3
  1543 | D:2      | Noticed Natasha
  1552 | D:2      | Killed Natasha
  1553 | D:2      | Reached skill level 5 in Axes
  1553 | D:2      | Reached XP level 4. HP: 36/41 MP: 4/4
  1748 | D:2      | Found a glowing silver altar of Zin.
  1981 | D:2      | Noticed Natasha
  1998 | D:2      | Killed Natasha
  1999 | D:2      | Reached XP level 5. HP: 35/47 MP: 3/5
  2808 | D:3      | Reached skill level 6 in Axes
  2948 | D:3      | Found a glowing drain.
  2955 | Sewer    | Entered a sewer
  3006 | Sewer    | Reached skill level 5 in Fighting
  3010 | Sewer    | Noticed Pargi
  3023 | Sewer    | Killed Pargi
  3024 | Sewer    | Reached XP level 6. HP: 42/56 MP: 4/6
  3140 | Sewer    | Reached skill level 7 in Axes
  3329 | D:3      | Found a basalt altar of Yredelemnul.
  3729 | D:4      | Reached skill level 8 in Axes
  3729 | D:4      | Reached XP level 7. HP: 37/63 MP: 5/7
  4387 | D:5      | Entered Level 5 of the Dungeon
  4464 | D:5      | Reached skill level 9 in Axes
  4951 | D:5      | Reached XP level 8. HP: 70/73 MP: 8/8
  4971 | D:5      | Reached skill level 10 in Axes
  5595 | D:6      | Found a staircase to the Ecumenical Temple.
  5605 | Temple   | Entered the Ecumenical Temple
  5665 | Temple   | Became a worshipper of Makhleb the Destroyer
  5776 | D:6      | Reached skill level 11 in Axes
  5776 | D:6      | Reached skill level 1 in Invocations
  5982 | D:6      | Noticed a yak
  5982 | D:6      | Noticed a yak
  6000 | D:6      | Killed a yak
  6007 | D:6      | Killed a yak
  6008 | D:6      | Reached XP level 9. HP: 39/82 MP: 4/11
  6235 | D:6      | Reached skill level 12 in Axes
  6458 | D:6      | Found Fulis's Antique Weapon Emporium.
  6758 | D:6      | Identified the ring "Qoc Rim" {rF+ rC+ Will+ Str-3}
  6779 | D:6      | Reached * piety under Makhleb
  7069 | D:7      | Found a shimmering blue altar of Sif Muna.
  7268 | D:7      | Reached skill level 13 in Axes
  7272 | D:7      | Reached skill level 5 in Invocations
  7562 | D:7      | Reached ** piety under Makhleb
  8186 | D:8      | Identified the +12 dagger "Hellblazer" {chaos, rElec rF-
                  | rC+ Int+4}
  8186 | D:8      | Noticed a kobold demonologist
  8236 | D:8      | Reached XP level 10. HP: 91/91 MP: 14/14
  8253 | D:8      | Reached skill level 14 in Axes
  8373 | D:8      | Noticed Maurice
  8416 | D:8      | Paralysed by Maurice for 5 turns
  8427 | D:8      | Killed Maurice
  8771 | D:8      | Found a large runed translucent door.
  8771 | D:8      | Found a large runed translucent door.
  8771 | D:8      | Found a shimmering altar of Xom.
  8771 | D:8      | Noticed a white ugly thing
  8795 | D:8      | Noticed a purple ugly thing
  8889 | D:8      | Reached skill level 10 in Fighting
  9256 | D:9      | Noticed a boulder beetle
  9267 | D:9      | Killed a boulder beetle
  9268 | D:9      | Noticed a cyclops
  9280 | D:9      | Noticed a cane toad
  9280 | D:9      | a spriggan changed into a cane toad
  9296 | D:9      | Killed a cane toad
  9306 | D:9      | Killed a cyclops
  9307 | D:9      | Reached skill level 15 in Axes
  9378 | D:9      | Noticed a five-headed hydra
  9398 | D:9      | Noticed a black mamba
  9584 | D:9      | Identified the +1 robe of the Doldrums {rCorr}
  9659 | D:9      | Noticed Maggie
  9672 | D:9      | Killed Maggie
  9722 | D:9      | Reached *** piety under Makhleb
  9861 | D:9      | Noticed a shock serpent
  9878 | D:9      | Noticed an elephant
  9878 | D:9      | a shock serpent changed into an elephant
  9882 | D:9      | Killed an elephant
 10149 | D:10     | Entered Level 10 of the Dungeon
 10163 | D:10     | You fall into a shaft and drop 1 floor!
 10198 | D:11     | Reached XP level 11. HP: 85/101 MP: 17/17
 10311 | D:11     | Reached skill level 16 in Axes
 10483 | D:11     | Found a gate leading to a gauntlet.
 10495 | Gauntlet | Entered a Gauntlet
 10495 | Gauntlet | Found a transporter.
 10495 | Gauntlet | Found a transporter.
 10503 | Gauntlet | Found a transporter.
 10508 | Gauntlet | Found a transporter.
 10511 | Gauntlet | Noticed a tengu warrior
 10520 | Gauntlet | Found a transporter.
 10520 | Gauntlet | Found a transporter.
 10522 | Gauntlet | Noticed a quicksilver ooze
 10528 | Gauntlet | Found a transporter.
 10543 | Gauntlet | Noticed a sixfirhy
 10546 | Gauntlet | Found a transporter.
 10547 | Gauntlet | Noticed a sixfirhy
 10547 | Gauntlet | Noticed a sixfirhy
 10548 | Gauntlet | Noticed a sixfirhy
 10560 | Gauntlet | Found a transporter.
 10564 | Gauntlet | Found a transporter.
 10568 | Gauntlet | Found a runed translucent door.
 10568 | Gauntlet | Found a runed translucent door.
 10572 | Gauntlet | Found a transporter.
 10576 | Gauntlet | Found a transporter.
 10697 | Gauntlet | Found a runed translucent door.
 11261 | Gauntlet | Killed a sixfirhy
 11264 | Gauntlet | HP: 1/104 [sixfirhy (10)]
 11265 | Gauntlet | Slain by a sixfirhy

Illustrated notes

Levels and vault maps discovered:
D:1:      pf_arrival_petrified_forest, layout_basic
D:2:      layout_basic, basic_altar, uniq_natasha
D:3:      layout_basic, nicolae_yredelemnul_corpse_copse,
          cheibrodos_sewer_entry_sluice, minmay_diced_spiral
D:4:      layout_basic, minmay_crossroads
D:5:      layout_basic
D:6:      layout_loops_corners, minmay_temple_entry_steel_oval, serial_shops,
          shop_fountains, minmay_ogre_servants
D:7:      layout_basic, mainiacjoe_overflow_alcove_2, enter_bailey_3
D:8:      due_chaos_kobolds, layout_cave_pods, uniq_maurice
D:9:      minmay_cut_squares, layout_loops_ring,
          gammafunk_temple_overflow_statue, uniq_maggie
D:10:     layout_loops_cross, mainiacjoe_overflow_divided_tiny,
          erik_lair_orcish_takeover, zombieorc2_lemuel
D:11:     layout_basic, gauntlet_entry_generic
Temple:   nicolae_temple_x_marks_the_god
Gauntlet: minmay_gauntlet_77_indecision [minmay_gauntlet_arena_77_p_blocks,
          minmay_gauntlet_arena_77_squiggly, minmay_gauntlet_arena_77_path,
          minmay_gauntlet_arena_77_shame_cube,
          minmay_gauntlet_arena_77_two_lines, minmay_gauntlet_arena_77_museum,
          dreamdust_gauntlet_exit_labyrinth]

Skill      XL: |  1  2  3  4  5  6  7  8  9 10 11 |
---------------+----------------------------------+-----
Axes           | 3 4 5 6 8 9 11 13 15 16 | 16.0
Fighting       | 4 5 6 7 8 9 10 11 | 11.7
Invocations    | 3 6 8 9 |  9.6
Armour         | |  3.2
Shields        | |  3.2

Action                   |  1- 3 |  4- 6 |  7- 9 | 10-12 || total
-------------------------+-------+-------+-------+-------++-------
Melee: War axe           |   108 |   176 |   333 |   207 ||   824
Invok: Minor Destruction |       |       |     4 |     6 ||    10
       Lesser Servant of |       |       |       |     3 ||     3
Evoke: Wand              |       |     2 |     9 |     5 ||    16
  Use: Scroll            |       |       |     7 |     3 ||    10
       Potion            |       |       |       |     6 ||     6
 Stab: Paralysed         |       |       |     3 |    10 ||    13
Armor: Scale mail        |    39 |       |       |    53 ||    92
       Chain mail        |     4 |   103 |   152 |     7 ||   266
Dodge: Dodged            |    36 |    84 |   103 |    72 ||   295
Block: Buckler           |    21 |    48 |    48 |    38 ||   155

Table legend: (Time is in decaauts)
 A = Elapsed time spent in this place.
 B = Non-inter-level travel time spent in this place.
 C = Inter-level travel time spent in this place.
 D = Time resting spent in this place.
 E = Time spent auto-exploring this place.
 F = Levels seen in this place.
 G = Mean time per level.
                   A        B        C        D        E       F      G
               +--------+--------+--------+--------+--------+-----+--------+
         Total |  11322 |  10536 |    786 |   1241 |   6965 |  14 |  808.7 |
       Dungeon |  10168 |   9391 |    777 |    939 |   6641 |  11 |  924.4 |
        Temple |     65 |     56 |      9 |      0 |     46 |   1 |   65.0 |
         Sewer |    331 |    331 |      0 |      0 |    228 |   1 |  331.0 |
      Gauntlet |    756 |    756 |      0 |    302 |     50 |   1 |  756.0 |
               +--------+--------+--------+--------+--------+-----+--------+

Top non-repeatable levels by time:
     D:2: 1567 daAuts
     D:6: 1464 daAuts
     D:8: 1165 daAuts
     D:5: 1083 daAuts
     D:7: 1047 daAuts
     D:1: 919 daAuts
     D:9: 899 daAuts
     D:3: 868 daAuts
     D:4: 820 daAuts
Gauntlet: 756 daAuts
   Sewer: 331 daAuts
    D:11: 318 daAuts
  Temple: 65 daAuts
    D:10: 13 daAuts
